 Dungeon Crawl Stone Soup version 0.28.0-47-ge53b351184 (webtiles) character file.

Game seed: 10727943979028640513

704 pkoi the Conjurer (level 7, 0/75 HPs)
             Began as a Demigod Conjurer on May 5, 2022.
             Succumbed to a kobold brigand's poison
             ... in a sewer.
             The game lasted 00:07:41 (8065 turns).

pkoi the Conjurer (Demigod Conjurer)                Turns: 8065, Time: 00:07:42

Health: 0/75       AC: 23    Str:  8    XL:     7   Next: 16%
Magic:  0/14       EV:  2    Int: 34    God:
Gold:   175        SH:  0    Dex: 12    Spells: 1/12 levels left

rFire   . . .      SeeInvis .   j - +2 dagger (flame)
rCold   . . .      Faith    .   (no shield)
rNeg    . . .      Spirit   .   (armour currently unavailable)
rPois   +          Reflect  .   (helmet currently unavailable)
rElec   .          Harm     .   (cloak currently unavailable)
rCorr   .          Rampage  .   (gloves currently unavailable)
Will    .....      NoTele   +   (boots currently unavailable)
Stlth   ++........              (no amulet)
HPRegen 0.22/turn               e - ring of poison resistance
MPRegen 0.14/turn               h - +6 ring of intelligence

@: lethally poisoned (0 -> -10), tree-form, hasted, invisible, quick
A: stationary, stasis, torment immunity, boosted hp, high MP 1, forlorn, divine
attributes
a: no special abilities


You were in a sewer.
You were a tree.
You visited 1 branch of the dungeon, and saw 6 of its levels.
You also visited: Sewer.

You collected 175 gold pieces.

Inventory:

Hand Weapons
 b - a +0 dagger
 d - a +0 short sword
 j - a +2 dagger of flaming (weapon)
Armour
 a - a +0 robe (melded)
Jewellery
 e - a ring of poison resistance (left branch)
 h - a +6 ring of intelligence (right branch)
Scrolls
 c - a scroll of teleportation
 f - 2 scrolls of identify


   Skills:
 - Level 1.7 Dodging
 - Level 1.7 Stealth
 - Level 3.0 Spellcasting
 * Level 6.1 Conjurations
 + Level 3.2 Hexes
 + Level 3.2 Translocations


You had one spell level left.
You knew the following spells:

 Your Spells              Type           Power      Damage    Failure   Level
a - Magic Dart            Conj           100%       1d8       1%          1
b - Searing Ray           Conj           92%        2d7       1%          2
c - Iskenderun's Mystic   Conj/Tloc      36%        2d9       9%          4
d - Fulminant Prism       Conj/Hex       18%        3d11      8%          4

Your spell library contained the following spells:

 Spells                   Type           Power      Damage    Failure   Level
 Dazzling Flash           Conj/Hex       72%        N/A       2%          3
 Leda's Liquefaction      Hex/Erth       8%         N/A       28%         4
 Lee's Rapid Deconstruct  Erth           2%         3d6*      83%         5
 Statue Form              Tmut/Erth      3%         N/A       100%        6


Dungeon Overview and Level Annotations

Branches:
Dungeon (6/15)              Sewer (1/1)
 Temple: D:4-7

Shops:
D:3 (

Annotations:
D:4 Grinder, Sigmund
D:5 2 transporters, bobregger's ghost, novice OgBe


Innate Abilities, Weirdness & Mutations

You are a tree.
Your roots penetrate the ground, keeping you stationary.
You cannot be teleported.
You are immune to unholy pain and torment.
Your maximum health is greatly increased.
Your equipment is partially melded.
You have an increased reservoir of magic. (+10% MP)
You shall have no god before yourself.
Your divine heritage dramatically boosts your attributes as you level up.


Message History

You closely miss the kobold brigand.
The kobold brigand is severely wounded.
The kobold brigand hits you with a +0 dagger of venom.
* * * LOW HITPOINT WARNING * * *
The kobold throws a stone.
The stone barely misses the kobold brigand. x2
The stone closely misses you.
You barely miss the kobold brigand.
The kobold brigand is severely wounded.
The kobold brigand splashes around in the water.
You barely miss the kobold brigand.
The kobold brigand is severely wounded.
You hit the kobold brigand. You burn the kobold brigand.
The kobold brigand is severely wounded.
The kobold brigand hits you with a +0 dagger of venom.
* * * LOW HITPOINT WARNING * * *
You closely miss the kobold brigand.
The kobold brigand is severely wounded.
The kobold brigand hits you with a +0 dagger of venom!
* * * LOW HITPOINT WARNING * * *
You are lethally poisoned!
Casting: Iskenderun's Mystic Blast (dangerous; 9% risk of failure)
Confirm with . or Enter, or press ? or * to list all spells.
Aiming: Fulminant Prism (dangerous; 8% risk of failure)
Press: ? - help, Dir - move target You conjure a prism of explosive energy!
A fulminant prism comes into view.
* * * LOW HITPOINT WARNING * * *
You feel very sick.
The kobold throws a stone.
The stone misses the kobold brigand.
The stone hits the kobold brigand but does no damage.
Really quaff the potion of lignification?
You turn into a tree.
Your +0 robe melds into your body.
Your roots penetrate the ground.
* * * LOW HITPOINT WARNING * * *
You feel sick.
The kobold brigand hits you but does no damage.
You closely miss the kobold brigand.
The kobold brigand is severely wounded.
You die...

#≈# #≈# #≈# #≈# #≈# #≈#
#≈# #≈# #♣# #K#
##K########
#######*KK...≈†≈.
#######...≈.≈.≈K.≈≈≈≈≈≈
#≈≈≈≈≈≈≈≈≈≈≈≈≈≈≈≈≈≈≈≈≈.
#≈≈≈≈≈≈≈≈≈≈≈≈≈≈≈≈≈≈≈≈≈≈.
###≈≈≈≈≈≈≈≈≈≈≈≈≈≈≈≈≈≈≈≈≈
######......≈.≈≈≈≈≈≈≈.


You could see 2 kobold brigands, 3 kobolds and a friendly fulminant prism.

Vanquished Creatures
  A necrophage (D:5)
  An ice beast (D:5)
  An ogre (D:5)
  A scorpion (D:5)
  A hound (D:5)
  2 jellies (D:5)
  Jessica (D:2)
  3 iguanas
  4 gnolls (D:4)
  2 river rats
  2 worms
  A dart slug (D:1)
  4 ball pythons
  9 endoplasms
  7 giant cockroaches
  9 goblins
  8 hobgoblins
  4 jackals
  5 kobolds
  5 quokkas
  7 bats
  4 frilled lizards
  10 rats
92 creatures vanquished.

Vanquished Creatures (collateral kills)
  A bullfrog zombie (D:6)
  A river rat (D:6)
  A quokka (D:6)
3 creatures vanquished.

Vanquished Creatures (others)
  2 fulminant prisms (Sewer)
  2 plants (D:2)
4 creatures vanquished.

Grand Total: 99 creatures vanquished

Notes
Turn   | Place    | Note
-------+----------+-------------------------------------------
     0 | D:1      | pkoi the Demigod Conjurer began the quest for the Orb.
     0 | D:1      | Reached XP level 1. HP: 14/14 MP: 5/5
   538 | D:1      | Reached XP level 2. HP: 20/20 MP: 4/7
  1475 | D:1      | Learned a level 2 spell: Searing Ray
  2219 | D:2      | Noticed Jessica
  2396 | D:2      | Reached skill level 4 in Conjurations
  2396 | D:2      | Reached skill level 1 in Translocations
  2541 | D:2      | Reached XP level 3. HP: 26/26 MP: 6/8
  2573 | D:2      | Killed Jessica
  2574 | D:2      | Reached skill level 1 in Hexes
  3391 | D:3      | Reached XP level 4. HP: 33/33 MP: 6/10
  3535 | D:3      | Learned a level 4 spell: Iskenderun's Mystic Blast
  3885 | D:3      | Found Noext's Antique Weapon Shoppe.
  4876 | D:4      | Noticed Sigmund
  5259 | D:4      | Noticed Grinder
  5853 | D:4      | Paralysed by Grinder for 4 turns
  5864 | D:4      | Paralysed by Grinder for 6 turns
  5875 | D:5      | Entered Level 5 of the Dungeon
  5968 | D:5      | Reached XP level 5. HP: 38/38 MP: 6/12
  6277 | D:5      | Noticed a necrophage
  6287 | D:5      | Killed a necrophage
  6288 | D:5      | Reached skill level 5 in Conjurations
  6288 | D:5      | Reached XP level 6. HP: 27/45 MP: 4/13
  6509 | D:5      | Learned a level 4 spell: Fulminant Prism
  6799 | D:5      | Noticed bobregger's ghost (novice OgBe)
  6839 | D:5      | Found a transporter.
  7062 | D:5      | Found a transporter.
  7531 | D:6      | Reached XP level 7. HP: 35/50 MP: 8/14
  7598 | D:6      | Reached skill level 6 in Conjurations
  7669 | D:6      | Found a glowing drain.
  7681 | Sewer    | Entered a sewer
  8064 | Sewer    | HP: 2/75 [poisoned by a kobold brigand]
  8065 | Sewer    | Succumbed to a kobold brigand's poison

Illustrated notes

Levels and vault maps discovered:
D:1:      psy_arrival_radial01, layout_basic,
          shapermc_ecumenical_altar_mp_urbaneastern
D:2:      layout_rooms, dk_noncrumbling_3, chequers_serial_rivers_room_b,
          serial_bayou_pond_b, uniq_jessica
D:3:      layout_basic, gammafunk_temple_overflow_statue, serial_shops, shop,
          minmay_cupped
D:4:      layout_gridville, amethyst_overflow_temple_binary,
          minmay_statues_item, uniq_grinder, uniq_sigmund
D:5:      layout_basic, cheibrodos_ashenzari_chains, gammafunk_ghost_arena,
          kennysheep_small_spiral
D:6:      layout_loops_ring, minmay_temple_entry_large_hall,
          gup_sewer_entry_bubbles, uniq_crazy_yiuf_cottage, uniq_eustachio,
          uniq_maggie
Sewer:    sewer_kobolds

Skill      XL: |  1  2  3  4  5  6  7 |
---------------+----------------------+-----
Spellcasting   | 2 3 |  3.0
Conjurations   | 4 5 6 |  6.1
Translocations | 1 2 3 |  3.2
Hexes          | 1 2 3 |  3.2
Dodging        | |  1.7
Stealth        | |  1.7

Action                   |  1- 3 |  4- 6 |  7- 9 || total
-------------------------+-------+-------+-------++-------
Melee: Dagger            |       |     4 |    23 ||    27
 Cast: Magic Dart        |   101 |    77 |    17 ||   195
       Searing Ray       |     2 |    13 |     2 ||    17
       Fulminant Prism   |       |       |     3 ||     3
       Iskenderun's Myst |       |       |     1 ||     1
  Use: Scroll            |     2 |     4 |     2 ||     8
       Potion            |       |     2 |     3 ||     5
Armor: Robe              |     4 |     1 |     1 ||     6
       Skin              |       |       |     1 ||     1
Dodge: Dodged            |     9 |     6 |    21 ||    36
